 Dungeon Crawl Stone Soup version 0.25-a0-645-gb4487340cb (console) character file.

Game seed: 6047588622992231060, levelgen mode: deterministic

50684 Bikaver the Thaumaturge (level 14, -17/84 HPs)
             Began as a Deep Elf Conjurer on Mar 21, 2020.
             Was a High Priest of Sif Muna.
             Shot with an arrow by Nessos (29 damage)
             ... on level 2 of the Orcish Mines on June 13, 2020.
             The game lasted 03:32:02 (29480 turns).

Bikaver the Thaumaturge (Deep Elf Conjurer)        Turns: 29480, Time: 03:32:03

Health: -17/84     AC:  6    Str:  5    XL:     14   Next: 20%
Magic:  7/33       EV: 15    Int: 34    God:    Sif Muna [*****.]
Gold:   1867       SH:  0    Dex: 15    Spells: 2/39 levels left

rFire    + . .     SeeInvis .   A - staff of conjuration
rCold    . . .     Gourm    .   (no shield)
rNeg     . . .     Faith    .   k - +0 robe {Archmagi}
rPois    .         Spirit   .   M - +0 hat "Zidgh" {rF+ Int+3}
rElec    .         Reflect  .   x - +2 cloak {+Inv}
rCorr    .         Harm     .   t - +0 pair of gloves
MR       +....                  (no boots)
Stlth    ++........             (no amulet)
HPRegen  0.24/turn              u - ring of wizardry
MPRegen  0.23/turn              f - +5 ring of intelligence

@: lethally poisoned (-17 -> -29), about to teleport
A: no striking features
a: Channel Magic, Forget Spell, Divine Exegesis, Renounce Religion, Evoke
Invisibility


You were on level 2 of the Orcish Mines.
You worshipped Sif Muna.
Sif Muna was extremely pleased with you.
You were hungry.

You visited 4 branches of the dungeon, and saw 21 of its levels.
You also visited: Sewer.

You collected 1987 gold pieces.
You spent 120 gold pieces at shops.

Inventory:

Missiles
 q - 29 boomerangs (quivered)
Armour
 k - a +0 robe of the Archmagi (worn)
 p - a +1 robe of resistance
 t - a +0 pair of gloves (worn)
 x - a +2 cloak of invisibility (worn)
 M - the +0 hat "Zidgh" (worn) {rF+ Int+3}
   (You found it on level 10 of the Dungeon)

   It affects your intelligence (+3).
   It protects you from fire.
Magical Staves
 y - an uncursed staff of fire
 A - an uncursed staff of conjuration (weapon)
 D - an uncursed staff of earth
 K - an uncursed staff of cold
Jewellery
 f - a +5 ring of intelligence (right hand)
 r - an uncursed ring of protection from fire
 u - a ring of wizardry (left hand)
 w - a +3 ring of evasion
 C - an uncursed amulet of harm
 T - a +4 ring of strength
Wands
 n - a wand of paralysis (28)
 H - a wand of polymorph (18)
 I - a wand of scattershot (2)
 R - a wand of acid (3)
 S - a wand of enslavement (8)
 V - a wand of flame (32)
Scrolls
 b - 2 scrolls of amnesia
 d - a scroll of magic mapping
 e - a scroll of blinking
 i - 2 scrolls of fear
 o - 6 scrolls of teleportation
 z - 3 scrolls of enchant weapon
 B - a scroll of fog
 E - 4 scrolls of enchant armour
 F - 2 scrolls of remove curse
 L - 2 scrolls of identify
 P - a scroll of immolation
Potions
 a - 3 potions of ambrosia
 g - 4 potions of might
 h - 4 potions of flight
 j - a potion of magic
 m - 3 potions of heal wounds
 s - 7 potions of curing
 v - 2 potions of cancellation
 G - a potion of brilliance
Miscellaneous
 l - a sack of spiders
 Q - a box of beasts
Comestibles
 c - 26 rations


   Skills:
 - Level 8.2 Fighting
 - Level 5.0 Dodging
 - Level 2.4 Stealth
 - Level 13.1 Spellcasting
 - Level 12.5 Conjurations
 - Level 2.6 Hexes
 + Level 11.0 Fire Magic
 - Level 11.1 Ice Magic
 - Level 6.0 Air Magic
 - Level 6.7 Earth Magic
 - Level 5.2 Invocations


You had 2 spell levels left.
You knew the following spells:

 Your Spells              Type           Power        Failure   Level  Hunger
a - Magic Dart            Conj           ####         0%          1    None
b - Searing Ray           Conj           ######       0%          2    None
c - Iskenderun's Mystic   Conj/Tloc      #######.     1%          4    None
d - Fulminant Prism       Conj/Hex       ########..   1%          4    None
e - Summon Guardian Gole  Hex/Summ       #####...     1%          3    None
f - Mephitic Cloud        Conj/Pois/Air  #######.     1%          3    None
g - Freezing Cloud        Conj/Ice/Air   ########..   2%          6    ###....
h - Starburst             Conj/Fire      ########..   1%          6    ###....
i - Lehudib's Crystal Sp  Conj/Erth      ########..   65%         8    ######.

Your spell library contained the following spells:

 Spells                   Type           Power        Failure   Level  Hunger
 Animate Skeleton         Necr           N/A          1%          1    None
 Apportation              Tloc           ####..       1%          1    None
 Corona                   Hex            ######.      1%          1    None
 Summon Small Mammal      Summ           ####         1%          1    None
 Call Imp                 Summ           ####....     1%          2    None
 Ensorcelled Hibernation  Hex/Ice        ######       1%          2    None
 Poisonous Vapours        Pois/Air       ######       1%          2    None
 Confusing Touch          Hex            ######..     1%          3    None
 Conjure Flame            Conj/Fire      ########     1%          3    None
 Dazzling Flash           Conj/Hex       ######       1%          3    None
 Tukima's Dance           Hex            ######..     1%          3    None
 Hailstorm                Conj/Ice       ########     1%          4    None
 Petrify                  Tmut/Erth      ######..     1%          4    None
 Summon Ice Beast         Ice/Summ       ######..     1%          4    None
 Fireball                 Conj/Fire      ########..   1%          5    None
 Lee's Rapid Deconstruct  Erth           #######...   1%          5    None
 Call Canine Familiar     Summ           ####....     2%          3    None
 Summon Lightning Spire   Summ/Air       ######..     2%          4    None
 Orb of Destruction       Conj           ########..   4%          7    #####..
 Spellforged Servitor     Conj/Summ      #######...   43%         7    #####..
 Ring of Flames           Chrm/Fire      ######....   52%         7    #####..
 Haunt                    Necr/Summ      ####......   99%         7    #####..
 Fire Storm               Conj/Fire      ########..   99%         9    #######
 Glaciate                 Conj/Ice       ########..   99%         9    #######


Dungeon Overview and Level Annotations

Branches:
Dungeon (12/15)            Temple (1/1) D:5            Lair (6/6) D:11
  Swamp (0/4) Lair:2       Spider (0/4) Lair:2        Slime (0/5) Lair:6
    Orc (2/2) D:11            Elf (0/3) Orc:2         Sewer (visited)

Altars:
Ashenzari
Cheibriados
Dithmenos
Elyvilon
Fedhas
Gozag
Hepliaklqana
Kikubaaqudgha
Makhleb
Nemelex Xobeh
Okawaru
Qazlal
Ru
Sif Muna
Trog
Uskayaw
Vehumet
Wu Jian
Xom
Yredelemnul
Zin
The Shining One
Beogh

Shops:
D:7 ?   D:11 ([*   Orc:2 ?*

Annotations:
D:7 Maggie
D:8 3 runed translucent doors, Maurice
Orc:2 Nessos


Message History

Okay, then.
Casting: Freezing Cloud (safe; 2% risk of failure)
Confirm with . or Enter, or press ? or * to list all spells.
You feel a strong surge of power!
You hear a sizzling sound!
You are feeling hungry.
Nessos casts a spell.
Nessos seems to speed up.
Nessos shoots an arrow.
The arrow hits you!! The arrow burns you.
You are poisoned.
You see here an arrow.
As you read the scroll of teleportation, it crumbles to dust.
You feel strangely unstable.
You feel sick.
Nessos shoots an arrow.
The arrow misses you.
You feel sick.
Nessos shoots an arrow.
The arrow hits you!
* * * LOW HITPOINT WARNING * * *
The arrow burns you.
* * * LOW HITPOINT WARNING * * *
Nessos shoots an arrow.
The arrow hits you!!
You die...

#.... #.# # .... #.# #.#...
#.# .).... #.###### ......
#.#.##.##
o....[####.......#
#.......)......(.##
.....######.....(.# .$$.
####..c..@#### #..
....##.....##.## ##..
.....§○§........###
........§§§§#........##
...##..§..............###
....##..................#
#...##..........######.#
##...#....#)....'%.)_#.##
#...............#)...#..###


You could see Nessos.

Vanquished Creatures
  An ettin (Orc:2)
  A fire dragon (Lair:6)
  3 hydras
  A fire crab (Lair:6)
  An orc sorcerer (Orc:2)
  A manticore (D:11)
  35 elephants
  5 black mambas
  Joseph (D:9)
  2 molten gargoyles (Lair:6)
  11 spiny frogs
  12 komodo dragons
  3 trolls
  A polar bear (Lair:5)
  A hornet (Lair:2)
  4 blink frogs
  3 bog bodies (Lair:2)
  2 slime creatures (Lair:6)
  7 hippogriffs
  A spriggan (Lair:2)
  A fire elemental (Lair:2)
  54 yaks
  4 basilisks
  4 wyverns
  4 hogs (D:7)
  Menkaure (D:7)
  A steam dragon (Lair:6)
  2 swamp worms (Lair:2)
  3 wargs
  An acid dragon (D:11)
  3 water moccasins
  4 hell hounds (Lair:6)
  8 porcupines
  15 orc warriors
  4 sky beasts
  Purgy (D:4)
  An ice beast (D:5)
  3 black bears
  A necrophage (D:6)
  A phantom (D:7)
  12 ogres
  12 centaurs
  8 crocodiles
  Blork the orc (D:4)
  3 big kobolds
  14 bullfrogs
  3 scorpions
  11 killer bees
  An electric eel (Lair:2)
  3 howler monkeys
  5 lava snakes (Lair:6)
  A bullfrog zombie (D:10)
  3 jellies
  2 quasits
  8 crimson imps
  5 hounds
  Crazy Yiuf (D:4)
  A centaur zombie (D:11)
  6 orc priests
  3 centaur skeletons
  18 orc wizards
  5 iguanas
  6 worker ants
  A hound skeleton (D:6)
  2 worker ant zombies
  A howler monkey skeleton (D:4)
  10 adders
  A river rat (D:4)
  3 shadow imps
  A white imp (D:4)
  3 adder skeletons
  5 worms (Lair:2)
  5 dart slugs
  6 leopard geckos
  51 orcs
  4 giant cockroaches
  4 goblins
  10 hobgoblins
  2 jackals (D:10)
  22 kobolds
  3 quokkas
  4 ball pythons
  3 bats
  A frilled lizard (D:1)
  A quokka skeleton (D:5)
  8 rats
  9 fungi
  8 plants
512 creatures vanquished.

Vanquished Creatures (collateral kills)
  An orc (D:11)
1 creature vanquished.

Vanquished Creatures (others)
  161 fulminant prisms
  85 fungi
  54 plants
300 creatures vanquished.

Grand Total: 813 creatures vanquished

Notes
Turn   | Place    | Note
-------+----------+-------------------------------------------
     0 | D:1      | Bikaver the Deep Elf Conjurer began the quest for the Orb.
     0 | D:1      | Reached XP level 1. HP: 10/10 MP: 6/6
   197 | D:1      | Reached XP level 2. HP: 15/15 MP: 6/8
   231 | D:1      | Reached skill level 5 in Conjurations
   911 | D:2      | Reached XP level 3. HP: 19/19 MP: 7/10
  1185 | D:2      | Found a burning altar of Makhleb.
  1188 | D:2      | Reached skill level 4 in Spellcasting
  1194 | D:2      | Found a shimmering altar of Xom.
  1250 | D:2      | Learned a level 2 spell: Searing Ray
  1393 | D:2      | You fall into a shaft and drop 2 floors!
  1407 | D:4      | Reached skill level 5 in Spellcasting
  1407 | D:4      | Reached XP level 4. HP: 11/24 MP: 1/13
  1564 | D:4      | Noticed Blork the orc
  1588 | D:4      | Reached skill level 1 in Fighting
  1647 | D:4      | Reached XP level 5. HP: 17/30 MP: 3/14
  1895 | D:4      | Found a glowing drain.
  1909 | Sewer    | Entered a sewer
  2056 | Sewer    | Noticed Purgy
  2260 | D:3      | Reached XP level 6. HP: 36/37 MP: 12/15
  2295 | D:3      | Learned a level 4 spell: Iskenderun's Mystic Blast
  2972 | D:3      | Found a roughly hewn altar of Beogh.
  3077 | D:3      | Found an iron altar of Okawaru.
  3077 | D:3      | Found a white marble altar of Elyvilon.
  3084 | D:3      | Found a faded altar of an unknown god.
  3099 | D:3      | Found a shadowy altar of Dithmenos.
  3101 | D:3      | Found an ornate altar of the Wu Jian Council.
  3387 | D:4      | Killed Blork the orc
  3387 | D:4      | Reached skill level 5 in Dodging
  3387 | D:4      | Reached XP level 7. HP: 31/41 MP: 10/16
  3441 | D:4      | Found a runed translucent door.
  3442 | D:4      | Noticed Crazy Yiuf
  3666 | D:4      | Killed Purgy
  3978 | D:4      | Killed Crazy Yiuf
  4020 | D:5      | Entered Level 5 of the Dungeon
  4247 | D:5      | Found a staircase to the Ecumenical Temple.
  4263 | Temple   | Entered the Ecumenical Temple
  4443 | Temple   | Became a worshipper of Sif Muna the Loreminder
  4466 | D:5      | Reached skill level 5 in Fighting
  4499 | D:5      | Reached XP level 8. HP: 49/49 MP: 10/17
  5431 | D:6      | Reached skill level 1 in Invocations
  5711 | D:7      | Noticed Maggie
  5769 | D:7      | Identified the cursed ring "Jamanas" {EV-2 Str+6}
  5778 | D:7      | Reached * piety under Sif Muna
  5806 | D:7      | Noticed Menkaure
  5811 | D:7      | Killed Menkaure
  5811 | D:7      | Reached skill level 5 in Invocations
  5811 | D:7      | Reached XP level 9. HP: 34/54 MP: 6/18
  5817 | D:7      | Learned a level 4 spell: Fulminant Prism
  6485 | D:8      | Reached skill level 6 in Spellcasting
  6508 | D:8      | Reached skill level 7 in Spellcasting
  6508 | D:8      | Reached skill level 1 in Hexes
  6642 | D:8      | Reached skill level 8 in Spellcasting
  6754 | D:8      | Noticed Maurice
  6796 | D:7      | Found Qyfetul's Magic Scroll Emporium.
  6862 | D:7      | Bought a scroll of teleportation for 45 gold pieces
  6862 | D:7      | Bought a scroll of identify for 30 gold pieces
  6873 | D:7      | Reached skill level 9 in Spellcasting
  6955 | D:7      | Reached skill level 10 in Spellcasting
  7017 | D:7      | Reached XP level 10. HP: 25/61 MP: 2/26
  7029 | D:7      | Noticed a brown ugly thing
  7056 | D:8      | Found a snail-covered altar of Cheibriados.
  7056 | D:8      | Found a runed translucent gate.
  7056 | D:8      | Found a runed translucent gate.
  7056 | D:8      | Found a runed translucent gate.
  7057 | D:8      | You fall into a shaft and drop 2 floors!
  7057 | D:10     | Entered Level 10 of the Dungeon
  7301 | D:10     | Learned a level 3 spell: Summon Guardian Golem
  7326 | D:10     | Reached ** piety under Sif Muna
  8030 | D:9      | Noticed Joseph
  8039 | D:9      | Killed Joseph
  8961 | D:10     | Got a heavily runed hat
  8972 | D:10     | Identified the +0 hat "Zidgh" {rF+ Int+3} (You found it on
                  | level 10 of the Dungeon)
  9465 | D:10     | Reached *** piety under Sif Muna
  9653 | D:11     | Found a staircase to the Lair.
  9677 | D:11     | Found a glowing silver altar of Zin.
  9804 | D:11     | Reached skill level 10 in Conjurations
 10016 | D:11     | Noticed a manticore
 10059 | D:11     | Killed a manticore
 10317 | D:11     | Reached XP level 11. HP: 68/68 MP: 19/27
 10505 | D:11     | Learned a level 3 spell: Mephitic Cloud
 10512 | D:11     | Learned a level 6 spell: Freezing Cloud
 10526 | D:11     | Reached skill level 1 in Ice Magic
 10724 | D:11     | Found Hattyh Uvva's Weapon Boutique.
 10724 | D:11     | Found a staircase to the Orcish Mines.
 10899 | D:11     | Found Unek's Armour Boutique.
 11084 | D:11     | Found Pecw's Hallowed Reliquary.
 11085 | D:11     | Noticed an angel
 11196 | Lair:1   | Entered Level 1 of the Lair of Beasts
 11517 | Lair:1   | Reached **** piety under Sif Muna
 11593 | Lair:1   | Reached skill level 5 in Ice Magic
 12025 | Lair:1   | Noticed a four-headed hydra
 12524 | Lair:1   | Noticed an eight-headed hydra
 12535 | Lair:1   | Killed an eight-headed hydra
 12948 | Lair:1   | Found an ornate altar of the Wu Jian Council.
 13552 | Lair:2   | Reached skill level 5 in Air Magic
 13789 | Lair:2   | Reached XP level 12. HP: 74/74 MP: 16/28
 14061 | Lair:2   | Found a hole to the Spider Nest.
 14682 | Lair:2   | Reached skill level 10 in Ice Magic
 15403 | Lair:2   | Noticed a dire elephant
 17559 | Lair:3   | Reached skill level 11 in Spellcasting
 18209 | Lair:3   | Reached skill level 12 in Spellcasting
 19473 | Lair:3   | Reached XP level 13. HP: 43/78 MP: 3/31
 19756 | Lair:4   | Reached ***** piety under Sif Muna
 19756 | Lair:4   | Reached skill level 13 in Spellcasting
 19921 | Lair:4   | Identified Jufaaraj's Volume of Excruciating Companions
                  | (Sif Muna gifted it to you on level 4 of the Lair of
                  | Beasts)
 19921 | Lair:4   | Received a gift from Sif Muna
 19930 | Lair:4   | Learned a level 6 spell: Starburst
 20668 | Lair:5   | Reached skill level 1 in Fire Magic
 21417 | Lair:5   | Reached skill level 5 in Fire Magic
 22826 | Lair:6   | Entered Level 6 of the Lair of Beasts
 22887 | Lair:6   | Found a staircase to the Slime Pits.
 24100 | Lair:6   | Reached skill level 10 in Fire Magic
 24193 | Lair:6   | Learned a level 8 spell: Lehudib's Crystal Spear
 24326 | Lair:6   | Reached skill level 1 in Earth Magic
 25591 | Lair:6   | Reached skill level 5 in Earth Magic
 25784 | Lair:6   | Noticed a fire dragon
 25876 | Lair:6   | Reached XP level 14. HP: 84/84 MP: 19/33
 26005 | Lair:6   | Found a large runed translucent door.
 26005 | Lair:6   | Found a large runed translucent door.
 26052 | Lair:6   | Got a coiled turquoise ring
 26054 | Lair:6   | Identified the cursed ring of Ewic {rF+ Int-4 Dex+3} (You
                  | found it on level 6 of the Lair of Beasts)
 26607 | Lair:2   | HP: 3/84 [dire elephant (17)]
 27156 | Lair:2   | Found a staircase to the Swamp.
 27363 | Orc:1    | Entered Level 1 of the Orcish Mines
 27481 | Orc:2    | Entered Level 2 of the Orcish Mines
 28808 | Orc:2    | Found a roughly hewn altar of Beogh.
 28812 | Orc:2    | Found Nairrirgh's Magic Scroll Boutique.
 28821 | Orc:2    | Bought a scroll of teleportation for 45 gold pieces
 28834 | Orc:2    | Found a staircase to the Elven Halls.
 29165 | Orc:2    | Found a roughly hewn altar of Beogh.
 29201 | Orc:2    | Found Peereh's Assorted Antiques.
 29265 | Orc:2    | Identified Sif Muna's Collected Works on Earthen Combat
                  | Magic (Sif Muna gifted it to you on level 2 of the Orcish
                  | Mines)
 29265 | Orc:2    | Received a gift from Sif Muna
 29323 | Orc:2    | Found a roughly hewn altar of Beogh.
 29474 | Orc:2    | Noticed Nessos
 29480 | Orc:2    | Shot with an arrow by Nessos

Levels and vault maps discovered:
D:1:      wander_arrival_desolate, layout_loops_ring, minmay_stone_trees_small,
          minivault_26
D:2:      layout_basic, minitemple, corexii_item_surrounded_by_moat
D:3:      layout_loops_ring, chequers_temple_overflow_minitemple,
          kennysheep_orc_chapel
D:4:      layout_loops_corners, portal_sewer_entry_b, first_ration,
          minmay_fire_ice_demons, uniq_crazy_yiuf_cottage, uniq_blork_the_orc
D:5:      layout_gridville, minmay_temple_entry_junction, minivault_27,
          corexii_leaking_fountain
D:6:      layout_gridville, grunt_decor_cap, corexii_item_surrounded_by_moat
D:7:      minmay_the_grid_square_5x5_3x3 [minmay_the_grid_square_5x5_lines,
          minmay_the_grid_square_5x5_longway,
          minmay_the_grid_square_5x5_hollow_slash,
          minmay_the_grid_square_5x5_percent,
          minmay_the_grid_square_5x5_megaprize_crossed,
          minmay_the_grid_square_5x5_pentomino_r,
          minmay_the_grid_square_5x5_n_small,
          minmay_the_grid_square_5x5_spiral_small,
          minmay_the_grid_square_5x5_two_small], layout_cave_pools,
          serial_shops, shop, grunt_livestock, minmay_hedge_maze, uniq_maggie,
          uniq_menkaure
D:8:      layout_rooms, basic_altar, gammafunk_ghost_icy, dk_rats_in_the_wall,
          uniq_maurice, uniq_grum
D:9:      layout_loops_corners, uniq_joseph
D:10:     layout_basic
D:11:     layout_rooms, lair_entry_dummy, orc_david_3, minmay_door_square,
          nicolae_good_shop
D:12:     layout_cave_pools, nzn_random_ring
Temple:   eino_temple_rhombus
Lair:1:   layout_chaotic_city, lemuel_centaur_altar
Lair:2:   mu_elephants_graveyard, layout_gridlike,
          nicolae_swamp_entry_splash_gauntlet, nicolae_spider_entry_non_spiders,
          st_stairs_9
Lair:3:   layout_cave_pods, beast_lair_carwin_11, infiniplex_staircase_pool,
          serial_bayou_shore_b, grunt_megastairs_4
Lair:4:   layout_regular_city, grunt_megastairs_3, lemuel_fruit_tree
Lair:5:   layout_cave_pods, infiniplex_staircase_pool_2
Lair:6:   cheibrodos_lair_end_hotspot, layout_misc_corridors,
          minmay_slime_entry_pillars, grunt_forest_stairs_basic
Orc:1:    layout_diamond_mine
Orc:2:    grunt_orc_community_town_hall, layout_caves,
          grunt_orc_community_big_house_1, grunt_orc_community_big_house_2,
          grunt_orc_community_house_1, grunt_orc_community_house_1,
          grunt_orc_community_house_2, grunt_orc_community_house_1,
          grunt_orc_community_house_2, uniq_nessos, uniq_saint_roka

Skill      XL: |  1  2  3  4  5  6  7  8  9 10 11 12 13 14 |
---------------+-------------------------------------------+-----
Conjurations   | 5 6 9 11 12 | 12.5
Dodging        | 3 5 |  5.0
Spellcasting   | 5 10 12 13 | 13.1
Fighting       | 2 3 5 6 8 |  8.2
Invocations    | 5 |  5.2
Hexes          | 2 |  2.6
Ice Magic      | 8 11 | 11.1
Air Magic      | 6 |  6.0
Fire Magic     | 10 11 | 11.0
Earth Magic    | 6 |  6.7
Stealth        | |  2.4

Action                   |  1- 3 |  4- 6 |  7- 9 | 10-12 | 13-15 || total
-------------------------+-------+-------+-------+-------+-------++-------
Melee: Staff             |       |       |     1 |       |     3 ||     4
 Cast: Magic Dart        |    44 |    59 |   115 |   201 |   156 ||   575
       Searing Ray       |     1 |    23 |    57 |    91 |    55 ||   227
       Fulminant Prism   |       |       |     5 |   112 |    45 ||   162
       Iskenderun's Myst |       |       |       |    67 |    58 ||   125
       Freezing Cloud    |       |       |       |    39 |    78 ||   117
       Starburst         |       |       |       |       |    10 ||    10
       Summon Guardian G |       |       |       |       |     1 ||     1
Evoke: Wand              |       |       |     2 |     4 |     1 ||     7
       Sack of spiders   |       |       |       |     2 |       ||     2
  Use: Scroll            |     4 |     7 |    11 |     9 |     6 ||    37
       Potion            |       |       |       |     3 |     2 ||     5
  Eat: Chunk             |     1 |     6 |     8 |    23 |    31 ||    69
       Ration            |       |       |     1 |     7 |     2 ||    10
Armor: Robe              |     1 |     2 |    31 |    37 |    14 ||    85
Dodge: Dodged            |     9 |     8 |    77 |   124 |    76 ||   294

Table legend:
 A = Non-vault XP
 B = Vault XP
 C = Vault XP percentage of total XP
 D = Non-vault monster count
 E = Vault monster count
 F = Vault count percentage of total count
                 A         B        C        D         E       F
            +---------+---------+-------+---------+---------+-------
      Total |   45413 |   26993 |  37.3 |     350 |     146 |  29.4
            +---------+---------+-------+---------+---------+-------
        D:1 |      29 |       0 |   0.0 |      15 |       0 |   0.0
        D:2 |      45 |       0 |   0.0 |      11 |       0 |   0.0
        D:3 |     192 |      53 |  21.6 |      20 |       5 |  20.0
        D:4 |     247 |     343 |  58.1 |       9 |      10 |  52.6
        D:5 |     708 |       0 |   0.0 |      16 |       0 |   0.0
        D:6 |     832 |      45 |   5.1 |      16 |       1 |   5.9
        D:7 |     826 |    1556 |  65.3 |      12 |      13 |  52.0
        D:8 |     772 |       0 |   0.0 |      14 |       0 |   0.0
        D:9 |     569 |     475 |  45.5 |      17 |       1 |   5.6
       D:10 |     907 |       0 |   0.0 |      26 |       0 |   0.0
       D:11 |    4794 |     139 |   2.8 |      44 |       3 |   6.4
       D:12 |     224 |       0 |   0.0 |       2 |       0 |   0.0
     Lair:1 |    6599 |    2389 |  26.6 |      27 |       8 |  22.9
     Lair:2 |    1730 |   10028 |  85.3 |       6 |      34 |  85.0
     Lair:3 |    4898 |     881 |  15.2 |      21 |       5 |  19.2
     Lair:4 |     651 |     715 |  52.3 |       4 |       4 |  50.0
     Lair:5 |   11052 |      40 |   0.4 |      34 |       1 |   2.9
     Lair:6 |    6440 |    8811 |  57.8 |      23 |      28 |  54.9
      Orc:1 |    1826 |       0 |   0.0 |      28 |       0 |   0.0
      Orc:2 |    2072 |    1489 |  41.8 |       5 |      28 |  84.8
      Sewer |       0 |      29 | 100.0 |       0 |       5 | 100.0
            +---------+---------+-------+---------+---------+-------
